 Dungeon Crawl Stone Soup version 0.16.2-12-gd0ad4c3 (webtiles) character file.

57 dearth the Sneak (level 3, -4/24 HPs)
             Began as a Vampire Enchanter on Oct 7, 2015.
             Slain by an ooze (5 damage)
             ... on level 2 of the Dungeon.
             The game lasted 00:07:56 (4021 turns).

dearth the Sneak (Vampire Enchanter)                Turns: 4021, Time: 00:07:56

Health: -4/24      AC:  3    Str:  7    XL:     3   Next: 73%
Magic:  6/6        EV: 13    Int: 17    God:
Gold:   110        SH:  0    Dex: 15    Spells: 1 memorised, 5 levels left

rFire  . . .     SeeInvis +     a - +1 dagger
rCold  . . .     Clarity  .     b - +1 robe
rNeg   + . .     SustAb   .     (no shield)
rPois  .         Gourm    .     (no helmet)
rElec  .         Spirit   .     (no cloak)
rCorr  .         Warding  .     (no gloves)
rMut   .         Stasis   .     (no boots)
MR     .....                    (no amulet)
Stlth  +++.......               (no ring)
                                (no ring)

@: not resistant to hostile enchantments, fairly stealthy
A: bottle blood, fangs 3, see invisible, unbreathing
a: Bat Form


You were on level 2 of the Dungeon.
You were not thirsty.

You visited 1 branch of the dungeon, and saw 2 of its levels.

You collected 110 gold pieces.

Inventory:

Hand weapons
 a - a +1 dagger (weapon)
Armour
 b - a +1 robe (worn)
Scrolls
 f - a scroll of fog {unknown}
 g - a scroll of enchant weapon {unknown}
 h - a scroll of remove curse {unknown}
Potions
 d - 2 potions of blood
 e - a potion of heal wounds
 i - a potion of curing {unknown}
Books
 c - a book of Maledictions

   Spells                             Type                      Level
   a - Corona                         Hexes                        1
   b - Sure Blade                     Hexes/Charms                 2
   c - Ensorcelled Hibernation        Hexes/Ice                    2
   d - Confuse                        Hexes                        3
   e - Dazzling Spray                 Conjuration/Hexes            3
   f - Enslavement                    Hexes                        4


   Skills:
 + Level 2.0 Short Blades
 + Level 2.9 Dodging
 + Level 5.1 Stealth
 + Level 2.2 Spellcasting
 + Level 5.0 Hexes


You had 5 spell levels left.
You knew the following spells:

 Your Spells              Type           Power        Failure   Level  Hunger
a - Corona                Hex            ###....      2%          1    #......


Dungeon Overview and Level Annotations

Branches:
Dungeon (2/15)

Altars:

Annotations:
D:2 Jessica


Innate Abilities, Weirdness & Mutations

You can bottle blood from corpses.
You have razor-sharp teeth.
You have supernaturally acute eyesight.
You can survive without breathing.


Message History

The giant cockroach closely misses you.
You closely miss the giant cockroach.
The giant cockroach is almost dead.
Jessica gestures wildly while chanting.
Jessica blinks!
The giant cockroach bites you.
* * * LOW HITPOINT WARNING * * *
You barely miss the giant cockroach. You bite the giant cockroach.
You kill the giant cockroach!
The ooze hits you.
* * * LOW HITPOINT WARNING * * *
Jessica gestures wildly.
You hit the ooze.
The ooze is moderately wounded.
The ooze barely misses you.
You hit the ooze but do no damage.
The ooze is moderately wounded.
Jessica very coldly says, "I hate your company."
Jessica gestures wildly while chanting.
Jessica blinks!
The ooze hits you.
You die...

#...........# #.#
#######.. #.###########
#.########........ #.#
#..........#####.. #.#
#### #...######## ##.
#.# ... #.#.# ##. ..#
#.. #.#.# #.. ###
#..##.#.# #.. #
#.....#.###### #.# #
+..#.@...ยง..@#######.#
# #.
##J.####........... # #
#....# >..#####..
#.##........####.. #.#
.............. ..#
.......####.. ... . .
##.. ### #... #.(.


You could see an ooze and Jessica.

Vanquished Creatures
  An adder (D:2)
  An ooze (D:2)
  2 ball pythons (D:2)
  4 giant cockroaches
  5 goblins
  4 hobgoblins (D:1)
  3 jackals (D:1)
  3 bats (D:1)
  2 giant geckos (D:1)
  A giant newt (D:1)
  12 kobolds
  4 rats (D:1)
42 creatures vanquished.

Vanquished Creatures (others)
  2 plants (D:1)
2 creatures vanquished.

Grand Total: 44 creatures vanquished

Notes
Turn   | Place    | Note
--------------------------------------------------------------
     0 | D:1      | dearth, the Vampire Enchanter, began the quest for the Orb.
     0 | D:1      | Reached XP level 1. HP: 13/13 MP: 3/3
   614 | D:1      | Reached XP level 2. HP: 11/19 MP: 4/4
  2848 | D:1      | Reached XP level 3. HP: 20/24 MP: 6/6
  2896 | D:1      | Reached skill level 5 in Stealth
  3770 | D:2      | Reached skill level 5 in Hexes
  3995 | D:2      | Noticed Jessica
  4019 | D:2      | HP: 1/24 [ooze (1)]
  4021 | D:2      | Slain by an ooze

Action                   || total
-------------------------++-------
Melee: Dagger            ||   304
  Use: Potion            ||     7
 Stab: Sleeping          ||     2
